 Dungeon Crawl Stone Soup version 0.24.0-123-gd5b16e6ec5 (webtiles) character file.

Game seed: 7193187536603234427, levelgen mode: deterministic

985 1994 the Chiller (level 8, 0/58 HPs)
             Began as a Merfolk Ice Elementalist on Jan 26, 2020.
             Was a Believer of Okawaru.
             Slain by Pikel
             ... wielding a +0 whip of electrocution
              (3 damage)
             ... on level 6 of the Dungeon.
             The game lasted 00:26:56 (7604 turns).

1994 the Chiller (Merfolk Ice Elementalist)         Turns: 7604, Time: 00:26:57

Health: 0/58       AC: 10    Str: 10    XL:     8   Next: 18%
Magic:  8/13       EV: 14    Int: 16    God:    Okawaru [**....]
Gold:   222        SH:  0    Dex: 15    Spells: 4/14 levels left

rFire    . . .     SeeInvis .   z - +0 halberd
rCold    . . .     Gourm    .   (shield currently unavailable)
rNeg     . . .     Faith    .   x - +0 leather armour
rPois    .         Spirit   .   k - +0 helmet
rElec    .         Reflect  .   (no cloak)
rCorr    .         Harm     .   (no gloves)
MR       +....                  (no boots)
Stlth    ++........             (no amulet)
HPRegen  0.19/turn              d - ring of protection from magic
MPRegen  0.13/turn              v - +2 ring of strength

@: icy armour
A: change form in water, swift swim, stealthy swim
a: Heroism, Renounce Religion


You were on level 6 of the Dungeon.
You worshipped Okawaru.
Okawaru was pleased with you.
You were hungry.

You visited 1 branch of the dungeon, and saw 6 of its levels.

You collected 222 gold pieces.

Inventory:

Hand Weapons
 a - a +0 spear
 b - a +0 hunting sling
 z - a +0 halberd (weapon)
Missiles
 m - 95 stones
 p - 24 poisoned darts (quivered)
Armour
 k - a +0 helmet (worn)
 x - a +0 leather armour (worn)
Jewellery
 d - a ring of protection from magic (left hand)
 v - a +2 ring of strength (right hand)
Scrolls
 c - 2 scrolls of teleportation {unknown}
 e - 8 scrolls of identify {unknown}
 g - a scroll of remove curse {unknown}
 h - 2 scrolls of enchant weapon {unknown}
 j - a scroll of blinking {unknown}
 r - a scroll of fear {unknown}
 s - a scroll of immolation {unknown}
 y - a scroll of fog {unknown}
 B - a scroll of random uselessness {unknown}
 D - a scroll of amnesia {unknown}
 E - a scroll of enchant armour {unknown}
Potions
 f - a potion of resistance {unknown}
 i - 3 potions of degeneration {unknown}
 n - a potion of haste {unknown}
 o - a potion of ambrosia {unknown}
 q - 2 potions of berserk rage {unknown}
 t - 2 potions of lignification {unknown}
 u - a potion of invisibility {unknown}
 w - a potion of brilliance {unknown}
 A - 2 potions of curing {unknown}
 C - a potion of might {unknown}
Comestibles
 l - 7 rations


   Skills:
 + Level 3.2 Fighting
 * Level 3.7 Polearms
 + Level 5.3 Dodging
 - Level 2.1 Stealth
 + Level 3.7 Spellcasting
 - Level 2.0 Conjurations
 - Level 4.0 Charms
 * Level 0.5 Summonings
 * Level 5.7 Ice Magic
 + Level 0.0 Invocations


You had 4 spell levels left.
You knew the following spells:

 Your Spells              Type           Power        Failure   Level  Hunger
a - Freeze                Ice            ###.         2%          1    None
b - Throw Frost           Conj/Ice       ###...       8%          2    ##.....
c - Ozocubu's Armour      Chrm/Ice       ###.....     10%         3    ###....
d - Summon Ice Beast      Ice/Summ       ##......     54%         4    ####...

Your spell library contained the following spells:

 Spells                   Type           Power        Failure   Level  Hunger
 Throw Icicle             Conj/Ice       ###.....     43%         4    ####...


Dungeon Overview and Level Annotations

Branches:
Dungeon (6/15)
 Temple: D:4-7

Altars:
Elyvilon
Makhleb
Okawaru
Vehumet
Zin
The Shining One

Shops:
D:4 *

Annotations:
D:6 Pikel


Message History

Attack whom?
Press: ? - help, Dir - move target cursor, f - Pikel
Aim: Pikel, wielding a +0 whip of electrocution and wearing a +0 robe You reach to attack!
You hit Pikel but do no damage.
A slave comes into view. x2; A giant cockroach comes into view.
You barely miss Pikel. Pikel hits you but does no damage.
You are electrocuted!
You completely miss Pikel. Pikel hits you but does no damage.
You hit Pikel but do no damage. Pikel closely misses you. The slave hits you.
Pikel barely misses you.
You barely miss Pikel. The slave misses you. Pikel hits you but does no damage.
You are electrocuted!
Your leather armour prevents you from hitting Pikel.
You feel like a meek peon again. Pikel hits you but does no damage.
You are electrocuted!!
* * * LOW HITPOINT WARNING * * *
You miss Pikel. The slave hits you!
* * * LOW HITPOINT WARNING * * *
The slave barely misses you. The giant cockroach closely misses you.
Pikel hits you with a +0 whip of electrocution.
You die...

#..# #............
.....##...###...........
......##................
......#.................
......#...#.>...........
..........##............
......... ##............
..#............sp###.............
..............pK@................
..............pp####.............
...............# #.............
..............# #.............
..............# #.............
..K...........# #...........<.
.......<.....# #....#........
.............# ...###.......
##..........## #.......


You could see Pikel, 4 slaves and a giant cockroach.

Vanquished Creatures
  A sky beast (D:4)
  An ogre (D:5)
  A scorpion (D:5)
  A howler monkey (D:6)
  A crimson imp (D:5)
  3 hounds
  A jelly (D:6)
  A gnoll shaman (D:4)
  2 orc wizards
  An iguana (D:4)
  Jessica (D:3)
  Terence (D:1)
  5 worker ants
  A hound skeleton (D:3)
  Robin (D:1)
  8 adders
  7 gnolls
  An ooze (D:1)
  2 adder skeletons
  4 dart slugs
  4 leopard geckos
  10 orcs
  A giant cockroach (D:3)
  12 goblins
  12 hobgoblins
  13 jackals
  5 kobolds
  A quokka (D:2)
  A ball python skeleton (D:4)
  12 bats
  6 frilled lizards
  A leopard gecko skeleton (D:4)
  3 rats
125 creatures vanquished.

Notes
Turn   | Place    | Note
-------+----------+-------------------------------------------
     0 | D:1      | 1994 the Merfolk Ice Elementalist began the quest for the
                  | Orb.
     0 | D:1      | Reached XP level 1. HP: 13/13 MP: 3/3
    93 | D:1      | Reached XP level 2. HP: 18/19 MP: 0/5
   171 | D:1      | Learned a level 2 spell: Throw Frost
   443 | D:1      | Reached skill level 1 in Conjurations
   697 | D:1      | Reached XP level 3. HP: 24/24 MP: 4/6
   822 | D:1      | Learned a level 3 spell: Ozocubu's Armour
  1383 | D:2      | Noticed Terence
  1438 | D:1      | Killed Terence
  1438 | D:1      | Reached skill level 1 in Fighting
  1438 | D:1      | Reached XP level 4. HP: 21/32 MP: 0/7
  1597 | D:2      | Reached skill level 1 in Charms
  1659 | D:2      | Noticed Robin
  1807 | D:1      | Killed Robin
  2196 | D:2      | Found an iron altar of Okawaru.
  2249 | D:2      | Reached XP level 5. HP: 35/37 MP: 6/8
  2297 | D:2      | Became a worshipper of Warmaster Okawaru
  2747 | D:3      | Found a white marble altar of Elyvilon.
  2770 | D:3      | Found a burning altar of Makhleb.
  3137 | D:3      | Noticed Jessica
  3339 | D:3      | Killed Jessica
  3499 | D:3      | Found a glowing silver altar of Zin.
  3524 | D:3      | Reached XP level 6. HP: 44/44 MP: 1/10
  3650 | D:3      | Learned a level 4 spell: Summon Ice Beast
  4087 | D:4      | Found Elasih's Lightly-Used Armoury.
  4131 | D:4      | Reached * piety under Okawaru
  4610 | D:4      | Found a glowing golden altar of the Shining One.
  4841 | D:4      | Reached XP level 7. HP: 51/51 MP: 1/11
  5395 | D:4      | Found a radiant altar of Vehumet.
  5486 | D:4      | Reached skill level 5 in Ice Magic
  5852 | D:5      | Entered Level 5 of the Dungeon
  5902 | D:5      | Reached skill level 1 in Polearms
  6416 | D:5      | Reached skill level 5 in Dodging
  6959 | D:5      | Reached XP level 8. HP: 10/58 MP: 4/13
  7445 | D:6      | Reached ** piety under Okawaru
  7459 | D:6      | Noticed Pikel
  7604 | D:6      | Slain by Pikel

Levels and vault maps discovered:
D:1:      eino_arrival_water_cross, layout_basic, grunt_decor_fettered
D:2:      layout_basic, overflow_temple_1_default, uniq_robin, uniq_terence
D:3:      layout_basic, zin_statuary, elyvilon_altar_3, bloody_makhleb,
          uniq_jessica
D:4:      layout_loops_ring, tso_metal_star, kennysheep_little_box,
          minmay_shop_damaged, kennysheep_cluttered_room
D:5:      layout_loops_ring, first_ration
D:6:      layout_cave_pods, lemuel_coloured_pillars_altar,
          grunt_dithmenos_smoke, hellmonk_ghost_happy_afterlife,
          uniq_crazy_yiuf_cottage, uniq_pikel

Skill      XL: |  1  2  3  4  5  6  7  8 |
---------------+-------------------------+-----
Dodging        | 3 4 5 |  5.3
Conjurations   | 1 2 |  2.0
Fighting       | 1 2 3 |  3.2
Charms         | 1 2 3 4 |  4.0
Ice Magic      | 4 5 |  5.7
Spellcasting   | 3 |  3.7
Polearms       | 3 |  3.7
Stealth        | |  2.1
Summonings     | |  0.5

Action                   |  1- 3 |  4- 6 |  7- 9 || total
-------------------------+-------+-------+-------++-------
Melee: Unarmed           |     4 |       |       ||     4
       Dagger            |    54 |    42 |       ||    96
       Tailslap          |     1 |     1 |       ||     2
       Rapier            |       |    13 |    35 ||    48
       Spear             |       |       |    19 ||    19
       Halberd           |       |       |     7 ||     7
Throw: Dart              |       |     7 |       ||     7
 Cast: Freeze            |    42 |   106 |    59 ||   207
       Throw Frost       |     5 |    37 |    19 ||    61
       Ozocubu's Armour  |     2 |     4 |     7 ||    13
Invok: Heroism           |       |       |     1 ||     1
 Stab: Sleeping          |       |       |     1 ||     1
  Eat: Chunk             |     1 |    13 |     9 ||    23
       Ration            |       |     1 |       ||     1
Armor: Robe              |    26 |    33 |       ||    59
       Leather armour    |       |    11 |    29 ||    40
Dodge: Dodged            |    84 |   123 |   100 ||   307
